 Dungeon Crawl Stone Soup version 0.24-a0-530-g18ba70b503 (webtiles) character file.

Game seed: 10278385131587056685

65 BinkBink the Ducker (level 3, 0/28 HPs)
             Began as a Demonspawn Gladiator on Aug 8, 2019.
             Slain by a worker ant (4 damage)
             ... on level 2 of the Dungeon.
             The game lasted 00:01:45 (1249 turns).

BinkBink the Ducker (Demonspawn Gladiator)          Turns: 1249, Time: 00:01:45

Health: 0/28       AC:  6    Str: 14    XL:     3   Next: 92%
Magic:  3/3        EV: 13    Int:  9    God:
Gold:   59         SH:  0    Dex: 15    Spells: 2/2 levels left

rFire    . . .     SeeInvis .   a - +0 trident
rCold    . . .     Gourm    .   (no shield)
rNeg     . . .     Faith    .   b - +0 leather armour
rPois    .         Spirit   .   c - +0 helmet
rElec    .         Reflect  .   (no cloak)
rCorr    .         Harm     .   (no gloves)
MR       .....                  (no boots)
Stlth    +.........             (no amulet)
HPRegen  0.09/turn              (no ring)
MPRegen  0.08/turn              (no ring)

@: lethally poisoned (0 -> -5)
A: slimy green scales 1
a: no special abilities


You were on level 2 of the Dungeon.
You were very hungry.

You visited 1 branch of the dungeon, and saw 2 of its levels.

You collected 59 gold pieces.

Inventory:

Hand Weapons
 a - a +0 trident (weapon)
Missiles
 d - 3 throwing nets (quivered)
Armour
 b - a +0 leather armour (worn)
 c - a +0 helmet (worn)
Jewellery
 j - a cursed ring of attention {unknown}
 m - a +3 ring of protection {unknown}
Scrolls
 g - a scroll of teleportation {unknown}
 h - a scroll of enchant weapon {unknown}
 k - a scroll of identify {unknown}
 l - a scroll of fear {unknown}
Potions
 i - a potion of ambrosia
Comestibles
 f - a ration


   Skills:
 + Level 2.4 Fighting
 + Level 3.3 Polearms
 + Level 1.8 Throwing
 + Level 0.2 Armour
 + Level 3.4 Dodging
 + Level 0.2 Stealth


You had 2 spell levels left.
You didn't know any spells.
Your spell library was empty.

Dungeon Overview and Level Annotations

Branches:
Dungeon (2/15)

Altars:


Innate Abilities, Weirdness & Mutations

You are partially covered in slimy green scales. (AC +2)


Message History

* * * LOW HITPOINT WARNING * * *
You are poisoned.
The worker ant poisons you!
You closely miss the worker ant.
The worker ant is almost dead.
You feel sick. The worker ant bites you.
* * * LOW HITPOINT WARNING * * *
The worker ant bites you but does no damage.
You completely miss the worker ant.
The worker ant is almost dead.
* * * LOW HITPOINT WARNING * * *
You feel sick. The worker ant barely misses you.
You closely miss the worker ant.
The worker ant is almost dead.
The worker ant bites you.
* * * LOW HITPOINT WARNING * * *
You barely miss the worker ant.
The worker ant is almost dead.
The worker ant bites you.
You die...

#..# #.# #..#
##.#### #..# #......
#..# #..####
#..##############..#
#.......!..........#
##.##############.##
#...#############.#
#...Ka@.........#.#
#....######.###.#.#
####.# #.# #...# #.#
#.# ##### #.# #.#
#.# #.# #.# #.# #.#
#.# #.# #..


You could see a worker ant and a kobold.

Vanquished Creatures
  Natasha (D:2)
  An adder zombie (D:1)
  A worm (D:2)
  A leopard gecko (D:1)
  A bat zombie (D:1)
  2 giant cockroaches (D:1)
  3 goblins (D:1)
  7 hobgoblins (D:1)
  A ball python (D:1)
  6 bats
  4 frilled lizards (D:1)
  6 rats
34 creatures vanquished.

Notes
Turn   | Place    | Note
-------+----------+-------------------------------------------
     0 | D:1      | BinkBink the Demonspawn Gladiator began the quest for the
                  | Orb.
     0 | D:1      | Reached XP level 1. HP: 16/16 MP: 1/1
    95 | D:1      | Gained mutation: You are partially covered in slimy green
                  | scales. (AC +2) [demonic ancestry]
    95 | D:1      | Reached XP level 2. HP: 22/22 MP: 2/2
   589 | D:1      | Reached XP level 3. HP: 27/27 MP: 3/3
  1157 | D:2      | Noticed Natasha
  1165 | D:2      | Killed Natasha
  1249 | D:2      | Slain by a worker ant

Levels and vault maps discovered:
D:1:      saegor_arrival_fortress, layout_loops_corners, serial_bayou_pond_d
D:2:      layout_loops_ring, uniq_natasha

Skill      XL: |  1  2 |
---------------+-------+-----
Dodging        | 3 |  3.4
Polearms       | 3 |  3.3
Fighting       | |  2.4
Throwing       | |  1.8
Armour         | |  0.2
Stealth        | |  0.2

Action                   || total
-------------------------++-------
Melee: Trident           ||   104
  Use: Potion            ||     3
 Stab: Sleeping          ||     2
Armor: Leather armour    ||    31
Dodge: Dodged            ||    63

Table legend:
 A = Non-vault XP
 B = Vault XP
 C = Vault XP percentage of total XP
 D = Non-vault monster count
 E = Vault monster count
 F = Vault count percentage of total count
                 A         B        C        D         E       F
            +---------+---------+-------+---------+---------+-------
      Total |      50 |      43 |  46.2 |      31 |       3 |   8.8
            +---------+---------+-------+---------+---------+-------
        D:1 |      43 |       8 |  15.7 |      28 |       2 |   6.7
        D:2 |       7 |      35 |  83.3 |       3 |       1 |  25.0
            +---------+---------+-------+---------+---------+-------
